 Dungeon Crawl Stone Soup version 0.19.5 (webtiles) character file.

39 Jynx the Grave Robber (level 3, -4/24 HPs)
             Began as a Vampire Necromancer on Apr 24, 2017.
             Killed from afar by Sigmund (6 damage)
             ... with a puff of flame
             ... on level 2 of the Dungeon.
             The game lasted 00:03:24 (2731 turns).

Jynx the Grave Robber (Vampire Necromancer)         Turns: 2731, Time: 00:03:25

Health: -4/24      AC:  2    Str:  7    XL:     3   Next: 26%
Magic:  6/6        EV: 13    Int: 17    God:
Gold:   64         SH:  0    Dex: 15    Spells: 2 memorised, 4 levels left

rFire  . . .     SeeInvis +     (no weapon)
rCold  . . .     Gourm    .     a - +0 robe
rNeg   + . .     Faith    .     (no shield)
rPois  .         Spirit   .     (no helmet)
rElec  .         Reflect  .     (no cloak)
rCorr  .         Harm     .     (no gloves)
MR     .....                    (no boots)
Stlth  +++.......               (no amulet)
                                (no ring)
                                (no ring)

@: no status effects
A: fangs 3, see invisible, unbreathing
a: Bat Form


You were on level 2 of the Dungeon.
You were not thirsty.

You visited 1 branch of the dungeon, and saw 2 of its levels.

You collected 64 gold pieces.

Inventory:

Armour
 a - a +0 robe (worn)
Scrolls
 d - a scroll of identify
 e - 2 scrolls of blinking
 g - a scroll of noise
 h - 2 scrolls of teleportation {unknown}
 i - a scroll of remove curse {unknown}
 j - a scroll of recharging {unknown}
Potions
 f - a potion of curing {unknown}
 k - a potion of cancellation {unknown}
Books
 b - a book of Necromancy

   Spells                             Type                      Level
   a - Pain                           Necromancy                   1
   b - Animate Skeleton               Necromancy                   1
   c - Vampiric Draining              Necromancy                   3
   d - Regeneration                   Charms/Necromancy            3
   e - Animate Dead                   Necromancy                   4
   f - Control Undead                 Necromancy                   4


   Skills:
 - Level 2.1 Dodging
 + Level 3.9 Stealth
 + Level 2.3 Spellcasting
 * Level 5.0 Necromancy


You had 4 spell levels left.
You knew the following spells:

 Your Spells              Type           Power        Failure   Level  Hunger
a - Pain                  Necr           ###.         2%          1    #......
b - Animate Skeleton      Necr           N/A          2%          1    #......


Dungeon Overview and Level Annotations

Branches:
Dungeon (2/15)

Altars:

Annotations:
D:2 Sigmund


Innate Abilities, Weirdness & Mutations

You have razor-sharp teeth.
You have supernaturally acute eyesight. (SInv)
You can survive without breathing.


Message History

r - Retreat! s - Stop attacking. g - Guard the area. f - Follow me.
Anything else - Cancel.
Gang up on whom?
Press: ? - help, Dir - move target cursor, f/p - Sigmund
Aim: Sigmund, wielding a scythe and wearing a robe (lightly wounded) Attack!
You see here a dagger.
Sigmund casts a spell at you. The magic dart hits you!
Sigmund gestures at you while chanting. The magic dart hits you!
Sigmund mumbles some strange words.
Sigmund flickers and vanishes for a moment.
Sigmund casts a spell at you. The magic dart hits you!
* * * LOW HITPOINT WARNING * * *
Sigmund casts a spell at you. The puff of flame hits you!
You die...

###.# #.# #.#..........>.#
....###.####.#.#.....####.#
.#.......##.#..#@....# #.#
...#####...###...###)####.## .#.#
#....#..#.##........#
...#####.#...#.#.##..####.##
.#.#...#.#(##.............#
(..#.#.#...............##.#
##.......#.##.##@......##.#
#.#####.#.#.###.#.....##.# #.#
##...## #.##...###.#
##.#######.## ##.###### #.#
...........####..########.#
##.#########.....<........#######
...# #.##..#######......... ####
#.##..## #.######.
#.##...#######. #.


You could see Sigmund (invisible).

Vanquished Creatures
  A worm (D:2)
  2 dart slugs (D:1)
  2 leopard geckos
  A giant cockroach (D:1)
  5 goblins
  2 hobgoblins (D:1)
  4 jackals (D:1)
  5 kobolds
  A bat (D:1)
  2 frilled lizards (D:2)
  3 rats
28 creatures vanquished.

Notes
Turn   | Place    | Note
-------+----------+-------------------------------------------
     0 | D:1      | Jynx the Vampire Necromancer began the quest for the Orb.
     0 | D:1      | Reached XP level 1. HP: 13/13 MP: 3/3
   381 | D:1      | Reached XP level 2. HP: 17/19 MP: 1/5
   714 | D:1      | Learned a level 1 spell: Animate Skeleton
  1036 | D:2      | Noticed Sigmund
  1625 | D:1      | Reached skill level 5 in Necromancy
  1778 | D:1      | Reached XP level 3. HP: 15/24 MP: 1/6
  2731 | D:2      | Killed from afar by Sigmund

Skill      XL: |  1  2 |
---------------+-------+-----
Necromancy     | 5 |  5.0
Dodging        | |  2.1
Stealth        | |  3.9
Spellcasting   | |  2.3

Action                   || total
-------------------------++-------
Melee: Unarmed           ||     4
 Cast: Pain              ||    70
       Animate Skeleton  ||     1
  Use: Scroll            ||     2
  Eat: Corpse            ||     5
Armor: Robe              ||     4
Dodge: Dodged            ||    24
